 Dungeon Crawl Stone Soup version 0.19-a0-1903-gead39cf (webtiles) character file.

3956 Firecrotchwizard the Basher (level 10, -1/83 HPs)
             Began as a Yellow Draconian Berserker on Oct 20, 2016.
             Was a High Priest of Trog.
             Succumbed to a killer bee's poison
             ... while paralysed
             ... on level 9 of the Dungeon.
             The game lasted 00:30:46 (8348 turns).

Firecrotchwizard the Basher (DrBe)                  Turns: 8348, Time: 00:30:47

Health: -1/83      AC: 10    Str: 22    XL:     10   Next: 2%
Magic:  10/10      EV:  2    Int:  6    God:    Trog [*****.]
Gold:   464        SH:  0    Dex: 11    Spells: 0 memorised, 9 levels left

rFire  + . .     SeeInvis .     B - +1 mace (protect)
rCold  . . .     Gourm    .     (armour unavailable)
rNeg   . . .     Faith    .     z - +0 shield {reflect}
rPois  .         Spirit   .     (helmet restricted)
rElec  .         Reflect  +     I - +2 cloak
rCorr  +         Harm     .     (no gloves)
MR     .....                    (no boots)
Stlth  +.........               (no amulet)
                                F - +2 ring of evasion
                                g - ring of protection from fire

@: paralysed, lethally poisoned (-1 -> -23), exhausted, fainting, slowed
A: spit acid, acid resistance, unfitting armour, clumsy 1, dopey 1, regeneration
1, strong 1, cold-blooded, AC +7
a: Spit Acid, Berserk, Trog's Hand, Brothers in Arms, Burn Spellbooks, Renounce
Religion


You were on level 9 of the Dungeon.
You worshipped Trog.
Trog was extremely pleased with you.
You were fainting.

You visited 1 branch of the dungeon, and saw 9 of its levels.
You also visited: Bailey.

You collected 464 gold pieces.

Inventory:

Hand Weapons
 a - a +0 mace
 o - a +0 flail
 r - a +1 flail of holy wrath
 B - a +1 mace of protection (weapon)
Armour
 z - a +0 shield of reflection (worn)
 I - a +2 cloak (worn)
Magical Staves
 A - an uncursed staff of death
Jewellery
 g - a ring of protection from fire (left hand)
 F - a +2 ring of evasion (right hand)
Wands
 n - a wand of flame (23/48)
 q - a wand of polymorph (2/24)
 w - a wand of acid (10/15)
 C - a wand of disintegration (15/24)
 D - a wand of disintegration (15/24)
 G - a wand of digging (11/24)
 H - a wand of slowing (12/48)
 J - a wand of paralysis (17/24)
 N - a wand of iceblast (7/15)
Scrolls
 c - a scroll of random uselessness
 d - 8 scrolls of remove curse
 e - 2 scrolls of fear
 f - 3 scrolls of identify
 i - a scroll of enchant weapon {unknown}
 k - 6 scrolls of enchant armour
 l - 3 scrolls of teleportation
 t - 2 scrolls of fog
 v - 3 scrolls of noise
Potions
 h - 7 potions of lignification {unknown}
 j - 7 potions of curing {unknown}
 p - 2 potions of flight {unknown}
 s - 4 potions of agility {unknown}
 u - 3 potions of heal wounds {unknown}
 x - 2 potions of might {unknown}
 K - a potion of cure mutation {unknown}
 M - a potion of haste {unknown}
Books
 y - a book of Minor Magic

   Spells                             Type                      Level
   a - Magic Dart                     Conjuration                  1
   b - Blink                          Translocation                2
   c - Call Imp                       Summoning                    2
   d - Repel Missiles                 Charms/Air                   2
   e - Slow                           Hexes                        2
   f - Conjure Flame                  Conjuration/Fire             3
   g - Mephitic Cloud                 Conjuration/Poison/Air       3
   Trog disapproves of the use of such an item.
Comestibles
 b - 4 bread rations
 m - 2 beef jerkies
 E - 4 fruits
 L - 2 meat rations


   Skills:
 + Level 6.0 Fighting
 + Level 12.3 Maces & Flails
 + Level 5.1 Dodging
 - Level 0.4 Stealth
 + Level 3.2 Shields
 + Level 0.2 Evocations


You had 9 spell levels left.
You didn't know any spells.

Dungeon Overview and Level Annotations

Branches:
Dungeon (9/15)             Temple (0/1) D:7
   Lair: D:8-11         Orc: D:9-12

Altars:
Cheibriados
Elyvilon
Hepliaklqana
Okawaru
The Shining One

Shops:
D:4 }   D:7 [   D:9 [


Innate Abilities, Weirdness & Mutations

You can spit globs of acid.
You are resistant to acid.
Your golden yellow scales are hard. (AC +7)
You cannot fit into any form of body armour.
You are cold-blooded and may be slowed by cold attacks.
You are clumsy. (Dex -2)
You are dopey. (Int -2)
Your natural rate of healing is unusually fast.
Your muscles are strong. (Str +2)


Message History

The ogre hits you with a giant club.
* * * LOW HITPOINT WARNING * * *
The killer bee stings you but does no damage.
The adder bites you but does no damage.
* * * LOW HITPOINT WARNING * * *
You feel very sick.
The killer bee stings you but does no damage. x2
The killer bee barely misses you.
The howler monkey hits you but does no damage.
The bullfrog zombie hits you.
* * * LOW HITPOINT WARNING * * *
The adder bites you but does no damage.
The killer bee stings you but does no damage.
The killer bee stings you.
* * * LOW HITPOINT WARNING * * *
The killer bee stings you but does no damage.
The howler monkey barely misses you.
You are no longer berserk.
You feel yourself slow down.
You die...

...###### #......##..
........#####...........
..#####......>...........
#.# ####....(..........
#.# #.).............. ..#
#................ .##
#...#....o........ .###
#..#.##..ZOh..#....
.........(.....†@yZ...# #
###.####...yyS...##
######.........>ZT...#
.......# ###>........#
####..### #.........#
...#....## ##..........
).....†).#####<.........
(.).<†.)......<..........
###(##.(......(#.........


You could see a troll, an ogre, a howler monkey, 3 killer bees, an adder, an
orc, a hound zombie, a bullfrog zombie and a centaur zombie.

Vanquished Creatures
  An orc knight (Bailey)
  A two-headed ogre (D:9)
  Sigmund (D:3)
  Eustachio (D:4)
  The ghost of quoriil the Cudgeler, an amateur OgBe of Trog (D:3)
  An orc warrior (D:8)
  2 sky beasts
  An eye of draining (D:9)
  2 phantoms
  A necrophage (D:8)
  An ogre (D:4)
  2 centaurs
  3 big kobolds
  4 bullfrogs
  A water moccasin zombie (D:6)
  2 killer bees (D:9)
  2 howler monkeys (D:8)
  4 crimson imps (D:5)
  A centaur zombie (D:5)
  3 hounds
  2 bullfrog skeletons
  Crazy Yiuf (D:6)
  2 centaur skeletons
  2 orc priests
  14 orc wizards
  An iguana (D:7)
  Ijyb (D:3)
  5 worker ants
  Terence (D:2)
  Robin (D:2)
  6 adders
  8 gnolls
  3 shadow imps
  3 oozes
  An adder skeleton (D:6)
  3 worms
  4 dart slugs
  2 leopard geckos
  37 orcs
  6 giant cockroaches
  13 goblins
  14 hobgoblins
  3 jackals (D:6)
  16 kobolds
  3 quokkas
  3 ball pythons
  7 bats
  6 frilled lizards
  A jackal skeleton (D:4)
  A leopard gecko zombie (D:6)
  A quokka zombie (D:5)
  9 rats
215 creatures vanquished.

Notes
Turn   | Place    | Note
-------+----------+-------------------------------------------
     0 | D:1      | Firecrotchwizard the Draconian Berserker began the quest for the Orb.
     0 | D:1      | Reached XP level 1. HP: 19/19 MP: 1/1
   218 | D:1      | Reached XP level 2. HP: 22/26 MP: 2/2
   639 | D:1      | Reached XP level 3. HP: 32/33 MP: 3/3
  1011 | D:2      | Noticed Robin
  1046 | D:2      | Killed Robin
  1047 | D:2      | Reached ** piety under Trog
  1357 | D:2      | Reached XP level 4. HP: 20/40 MP: 4/4
  1365 | D:2      | Reached skill level 4 in Maces & Flails
  1864 | D:2      | Noticed Terence
  1870 | D:2      | Killed Terence
  1870 | D:2      | Reached XP level 5. HP: 46/46 MP: 5/5
  2271 | D:3      | Noticed Ijyb
  2307 | D:3      | Killed Ijyb
  2503 | D:3      | Noticed quoriil's ghost (amateur OgBe)
  2520 | D:3      | Killed quoriil's ghost
  2520 | D:3      | Reached skill level 5 in Maces & Flails
  2520 | D:3      | Reached XP level 6. HP: 55/55 MP: 6/6
  2604 | D:3      | Noticed Sigmund
  2612 | D:3      | Killed Sigmund
  2612 | D:3      | Reached skill level 6 in Maces & Flails
  2768 | D:3      | Your scales start taking on a golden yellow colour.
  2768 | D:3      | Reached XP level 7. HP: 59/60 MP: 7/7
  2900 | D:3      | Reached *** piety under Trog
  3394 | D:4      | Found Angear's Gadget Shop.
  3433 | D:4      | Reached skill level 7 in Maces & Flails
  3576 | D:4      | Noticed Eustachio
  3618 | D:4      | Killed Eustachio
  3618 | D:4      | Reached skill level 8 in Maces & Flails
  4021 | D:5      | Entered Level 5 of the Dungeon
  4338 | D:5      | Reached XP level 8. HP: 67/67 MP: 8/8
  4641 | D:5      | Found a glowing golden altar of the Shining One.
  4775 | D:5      | Reached skill level 9 in Maces & Flails
  4786 | D:5      | Reached **** piety under Trog
  5183 | D:6      | Gained mutation: Your natural rate of healing is unusually fast. [mutagenic meat]
  5186 | D:6      | Gained mutation: You are dopey. (Int -2) [mutagenic meat]
  5189 | D:6      | Gained mutation: You are clumsy. (Dex -2) [mutagenic meat]
  5192 | D:6      | Gained mutation: Your muscles are strong. (Str +2) [mutagenic meat]
  5273 | D:6      | Reached skill level 10 in Maces & Flails
  5690 | D:6      | Found a runed door.
  5931 | D:6      | Noticed Crazy Yiuf
  5939 | D:6      | Killed Crazy Yiuf
  6032 | D:7      | Found a staircase to the Ecumenical Temple.
  6386 | D:7      | Found a white marble altar of Elyvilon.
  6400 | D:7      | Found Qejadd's Antique Armour Shop.
  6508 | D:7      | Found a hazy altar of Hepliaklqana.
  6508 | D:7      | Found a snail-covered altar of Cheibriados.
  6811 | D:8      | Found a flagged portal.
  6818 | D:8      | Found an iron altar of Okawaru.
  6824 | Bailey   | Entered a bailey
  6889 | Bailey   | Noticed an orc knight
  6977 | Bailey   | Reached ***** piety under Trog
  6998 | Bailey   | Noticed an orc knight
  6998 | Bailey   | Noticed an orc knight
  7019 | Bailey   | Killed an orc knight
  7019 | Bailey   | Reached skill level 11 in Maces & Flails
  7019 | Bailey   | Reached XP level 9. HP: 26/73 MP: 9/9
  7558 | D:8      | Reached skill level 5 in Fighting
  7906 | D:8      | Reached skill level 12 in Maces & Flails
  7977 | D:8      | Reached skill level 1 in Shields
  8211 | D:9      | Found Sawox's Antique Armour Shop.
  8255 | D:9      | Reached skill level 5 in Dodging
  8306 | D:9      | Reached XP level 10. HP: 77/83 MP: 10/10
  8343 | D:9      | Paralysed by fainting for 12 turns
  8347 | D:9      | HP: 5/124 [poisoned by a killer bee]
  8347 | D:9      | HP: 2/124 [bullfrog zombie (3)]
  8348 | D:9      | Succumbed to a killer bee's poison

Vault maps used:
D:1:      minmay_arrival_stone_box, serial_bayou, serial_bayou_pond_d,
          serial_bayou_pond_c, serial_bayou_pond_a, serial_bayou_crossing,
          serial_bayou_lake_a, serial_bayou_pond_e
D:2:      uniq_robin, uniq_terence
D:3:      first_bread, uniq_iyjb, uniq_sigmund
D:4:      serial_shops, shop, uniq_eustachio
D:5:      eino_small_chamber_without_monster, tso_altar
D:6:      kennysheep_big_empty_room, sigmund_army, uniq_crazy_yiuf_cottage
D:7:      nicolae_overflow_hidden_temple, serial_shops, shop
D:8:      basic_altar, enter_bailey_2
D:9:      serial_shops, shop_statue
Bailey:   bailey_polearm_1, bailey

Skill      XL: |  1  2  3  4  5  6  7  8  9 10 |
---------------+-------------------------------+-----
Dodging        | 3 4 5 |  5.1
Fighting       | 4 5 6 |  6.0
Maces & Flails | 4 5 6 8 11 12 | 12.3
Shields        | 3 |  3.2
Stealth        | |  0.4
Evocations     | |  0.2

Action                   |  1- 3 |  4- 6 |  7- 9 | 10-12 || total
-------------------------+-------+-------+-------+-------++-------
Melee: Mace              |   127 |    28 |   482 |    26 ||   663
       Tailslap          |    15 |    13 |    75 |     3 ||   106
       Flail             |       |   106 |   172 |       ||   278
Invok: Berserk           |     1 |     3 |     2 |     1 ||     7
       Trog's Hand       |       |     1 |     1 |       ||     2
 Abil: Spit Acid         |       |       |     1 |       ||     1
Evoke: Wand              |       |       |     1 |       ||     1
  Use: Scroll            |       |       |    13 |       ||    13
 Stab: Sleeping          |       |     1 |     2 |       ||     3
  Eat: Chunk             |     3 |     2 |    16 |       ||    21
       Meat ration       |       |     1 |     1 |       ||     2
       Bread ration      |       |       |     1 |       ||     1
       Fruit             |       |       |     1 |       ||     1
Armor: Skin              |    47 |    36 |   237 |    61 ||   381
Dodge: Dodged            |   102 |    90 |   507 |    55 ||   754
Block: Shield            |       |       |    95 |    42 ||   137
       Reflection        |       |       |     6 |       ||     6
